 Dungeon Crawl Stone Soup version 0.31.0-9-g3a7656b989 (webtiles) character file.

Game seed: 16128892845706951061

83 puppykicker the Cutter (level 4, 0/39 HPs)
             Began as a Deep Elf Gladiator on Jan 24, 2024.
             Slain by a scorpion (4 damage)
             ... on level 3 of the Dungeon.
             The game lasted 00:06:59 (2267 turns).

puppykicker the Cutter (Deep Elf Gladiator)         Turns: 2267, Time: 00:06:59

Health: 0/39       AC: 22    Str: 11    XL:     4   Next: 22%
Magic:  6/6        EV:  2    Int: 15    God:
Gold:   118        SH:  0    Dex: 16    Spells: 3/3 levels left

rFire   . . .        a - +0 rapier
rCold   . . .        (no shield)
rNeg    . . .        c - melded +0 leather armour
rPois   +            j - melded +1 helmet
rElec   .            (cloak currently unavailable)
rCorr   .            (gloves currently unavailable)
SInv    .            (boots currently unavailable)
Will    .....        (no amulet)
Stlth   +            k - ring of flight
HPRegen 0.26/turn    (no ring)
MPRegen 0.10/turn

%: no passive effects
@: lethally poisoned (0 -> -13), tree-form
A: stationary, stasis, torment immunity, boosted hp
a: no special abilities


You were on level 3 of the Dungeon.
You were a tree.
You visited 1 branch of the dungeon, and saw 3 of its levels.

You collected 118 gold pieces.

Inventory:

Hand Weapons
 a - a +0 rapier (weapon)
 b - a +2 dagger of holy wrath
Missiles
 e - a javelin (quivered)
Armour
 c - a +0 leather armour (melded)
 j - a +1 helmet (melded)
Jewellery
 k - a ring of flight (left branch)
Scrolls
 f - a scroll of enchant armour
 g - a scroll of enchant weapon
 i - 2 scrolls of identify
 m - 2 scrolls of teleportation {unknown}
 n - a scroll of revelation
 o - a scroll of immolation {unknown}
Potions
 l - a potion of heal wounds {unknown}


   Skills:
 + Level 2.1 Fighting
 * Level 4.7 Short Blades
 - Level 2.0 Throwing
 - Level 3.6 Dodging


You had 3 spell levels left.
You didn't know any spells.
Your spell library contained the following spells:

 Spells                   Type           Power      Damage    Failure   Level
 Lesser Beckoning         Tloc           0%         N/A       38%         2
 Gell's Gravitas          Tloc           0%         N/A       63%         3
 Teleport Other           Tloc           0%         N/A       63%         3


Dungeon Overview and Level Annotations

Branches:
Dungeon (3/15)

Altars:


Message History

Unknown command.
You closely miss the scorpion.
The scorpion is almost dead.
The scorpion stings you.
You take 1 damage, and have 20/26 hp.
You completely miss the scorpion.
The scorpion is almost dead.
The scorpion stings you but does no damage.
You hit the scorpion but do no damage.
The scorpion is almost dead.
The scorpion stings you.
You take 3 damage, and have 17/26 hp.
You barely miss the scorpion.
The scorpion is almost dead.
The scorpion stings you.
* * * LOW HITPOINT WARNING * * *
You are poisoned.
The scorpion poisons you!
You take 4 damage, and have 13/26 hp.
You hit the scorpion but do no damage.
The scorpion is severely wounded.
You feel sick. The scorpion barely misses you.
You take 2 damage, and have 11/26 hp.
You hit the scorpion but do no damage.
The scorpion is severely wounded.
You feel sick. The scorpion stings you.
* * * LOW HITPOINT WARNING * * *
You are more poisoned.
The scorpion poisons you!
You take 6 damage, and have 5/26 hp.
MASSIVE DAMAGE!!
Unknown command.
It was a potion of lignification.
You turn into a tree.
Your +1 helmet melds into your body.
Your +0 leather armour melds into your body.
Your roots penetrate the ground.
* * * LOW HITPOINT WARNING * * *
You feel very sick. The scorpion stings you.
You die...

##..... .....
..... ... ####
... ....
#?####.###
#s##.....#
#♣##.#.#.#
#........#
####.#.#.#
#.....##
######(...###
..<......#...#
.#######...#.#
##.## ##. #.#
#.


You could see a scorpion.

Levels and vault maps discovered:
D:1:      evilmike_arrival_crescent, layout_loops_ring
D:2:      layout_basic, chequers_serial_rivers_micro_a
D:3:      layout_loops_ring, uniq_robin

Notes
Turn   | Place    | Note
-------+----------+-------------------------------------------
     0 | D:1      | puppykicker the Deep Elf Gladiator began the quest for the
                  | Orb.
     0 | D:1      | Reached XP level 1. HP: 12/12 MP: 3/3
    61 | D:1      | Identified a +0 dagger
   139 | D:1      | Identified a +0 robe
   164 | D:1      | Identified a +0 whip
   175 | D:1      | Reached XP level 2. HP: 16/16 MP: 4/4
   266 | D:1      | Identified a +0 dagger
   282 | D:1      | Identified a +0 dagger
   354 | D:1      | Identified a +0 leather armour
   356 | D:1      | Identified a ring of flight
   575 | D:1      | Reached skill level 4 in Short Blades
   608 | D:1      | Identified a +0 club
   646 | D:1      | Identified a +0 whip
   695 | D:1      | Identified 3 scrolls of identify
   695 | D:1      | Identified a scroll of enchant weapon
   696 | D:1      | Identified a scroll of revelation
   697 | D:1      | Identified a scroll of enchant armour
   765 | D:1      | Reached XP level 3. HP: 21/21 MP: 5/5
   924 | D:2      | Identified a +0 short sword
   964 | D:2      | Identified a +0 dagger
  1056 | D:2      | Identified a +0 robe
  1169 | D:2      | Identified a +0 ring mail
  1199 | D:2      | Identified a +0 dagger
  1231 | D:2      | Identified a +0 short sword
  1263 | D:2      | Identified a +0 club
  1294 | D:2      | Reached skill level 2 in Fighting
  1460 | D:2      | Identified a +0 short sword
  1944 | D:2      | Identified a +0 hand axe
  2044 | D:3      | Identified a +0 mace
  2044 | D:3      | Identified a +0 animal skin
  2044 | D:3      | Identified a +1 helmet
  2044 | D:3      | Noticed Robin
  2044 | D:3      | Identified a +0 club
  2044 | D:3      | Identified a +0 dagger
  2044 | D:3      | Identified a +0 sling
  2045 | D:3      | Identified a +0 club
  2046 | D:3      | Identified a +0 dagger
  2088 | D:3      | Reached XP level 4. HP: 18/26 MP: 6/6
  2092 | D:3      | Identified a +0 dagger
  2096 | D:3      | Identified a potion of might
  2098 | D:3      | Killed Robin
  2188 | D:3      | Identified a +2 dagger of holy wrath
  2245 | D:3      | Noticed a scorpion
  2266 | D:3      | HP: 5/26 [scorpion (5)]
  2267 | D:3      | Identified a potion of lignification
  2267 | D:3      | Slain by a scorpion

Table legend: (Time is in decaauts)
 A = Elapsed time spent in this place.
 B = Non-inter-level travel time spent in this place.
 C = Inter-level travel time spent in this place.
 D = Time resting spent in this place.
 E = Time spent auto-exploring this place.
 F = Levels seen in this place.
 G = Mean time per level.
                   A        B        C        D        E       F      G
               +--------+--------+--------+--------+--------+-----+--------+
         Total |   2264 |   2164 |    100 |    149 |   1593 |   3 |  754.7 |
       Dungeon |   2264 |   2164 |    100 |    149 |   1593 |   3 |  754.7 |
               +--------+--------+--------+--------+--------+-----+--------+

Top non-repeatable levels by time:
     D:2: 1117 daAuts
     D:1: 867 daAuts
     D:3: 278 daAuts

Table legend:
 A = Kills in this place as a percentage of kills in the entire game.
 B = Kills by you in this place as a percentage of kills by you in the entire game.
 C = Kills by friends in this place as a percentage of kills by friends in the entire game.
 D = Other kills in this place as a percentage of other kills in the entire game.
 E = Experience gained in this place as a percentage of experience gained in the entire game.
 F = Experience gained in this place divided by the number of levels of this place that you have seen.
                   A       B       C       D       E      F
               +-------+-------+-------+-------+-------+----------------------
         Total | 100.0 | 100.0 |   N/A |   N/A | 100.0 |  39.7
       Dungeon | 100.0 | 100.0 |   N/A |   N/A | 100.0 |  39.7
               +-------+-------+-------+-------+-------+----------------------

Skill      XL: |  1  2  3 |
---------------+----------+-----
Short Blades   | 4 |  4.7
Fighting       | 2 |  2.1
Throwing       | |  2.0
Dodging        | |  3.6

Action                     |  1- 3 |  4- 6 || total
---------------------------+-------+-------++-------
  Melee: Rapier            |   149 |    31 ||   180
         Punch             |     2 |     2 ||     4
  Throw: Throwing net      |     2 |     2 ||     4
    Use: Scroll            |     3 |       ||     3
         Potion            |       |     2 ||     2
   Stab: Sleeping          |     3 |       ||     3
 Armour: Leather armour    |    60 |    18 ||    78
         Skin              |       |     1 ||     1
  Dodge: Dodged            |    96 |    12 ||   108

Vanquished Creatures
  Robin (D:3)
  An adder (D:2)
  A ribbon worm (D:2)
  7 endoplasms
  11 goblins
  3 hobgoblins (D:3)
  4 jackals (D:2)
  2 quokkas (D:1)
  8 ball pythons
  5 bats
  3 frilled lizards
  6 kobolds
  5 rats
57 creatures vanquished.
